 Dungeon Crawl Stone Soup version 0.30-a0-305-g026cb31310 (webtiles) character file.

Game seed: 418678639460507626

157 koil the Sneak (level 5, -1/27 HPs)
             Began as a Spriggan Brigand on Oct 23, 2022.
             Slain by a gnoll
             ... wielding a +0 spear
              (6 damage)
             ... on level 3 of the Dungeon.
             The game lasted 00:07:21 (2268 turns).

koil the Sneak (Spriggan Brigand)                   Turns: 2268, Time: 00:07:23

Health: -1/27      AC:  5    Str:  7    XL:     5   Next: 15%
Magic:  9/9        EV: 18    Int: 14    God:
Gold:   152        SH:  0    Dex: 17    Spells: 8/8 levels left

rFire   . . .      SeeInvis +    a - +2 dagger
rCold   + . .      Faith    .    (no shield)
rNeg    . . .      Spirit   .    b - +0 robe
rPois   +          Reflect  .    (helmet restricted)
rElec   .          Harm     .    e - +2 cloak {rPois}
rCorr   .          Rampage  .    (gloves unavailable)
Will    .....                    (boots unavailable)
Stlth   ++........               (no amulet)
HPRegen 0.24/turn                r - ring of protection from cold
MPRegen 0.11/turn                (no ring)

@: slow
A: very small, no large weapons, unfitting armour, see invisible, speed 3
a: no special abilities


You were on level 3 of the Dungeon.
You visited 1 branch of the dungeon, and saw 3 of its levels.

You collected 152 gold pieces.

Inventory:

Hand Weapons
 a - a +2 dagger (weapon)
 d - a +2 quarterstaff of chaos
Missiles
 p - 2 curare-tipped darts
 q - 4 poisoned darts (quivered)
Armour
 b - a +0 robe (worn)
 c - a +0 cloak
 e - a +2 cloak of poison resistance (worn)
Magical Staves
 v - a staff of poison
Jewellery
 r - a ring of protection from cold (left hand)
Wands
 t - a wand of quicksilver (7)
Scrolls
 g - a scroll of amnesia {unknown}
 h - 2 scrolls of identify {unknown}
 k - a scroll of fear {unknown}
 w - a scroll of fog {unknown}
Potions
 f - 3 potions of curing {unknown}
 i - a potion of magic {unknown}
 j - a potion of ambrosia {unknown}
 l - a potion of lignification {unknown}
 m - a potion of attraction {unknown}
 n - a potion of berserk rage {unknown}
 s - a potion of heal wounds {unknown}
 u - a potion of brilliance {unknown}


   Skills:
 + Level 2.3 Fighting
 + Level 3.3 Short Blades
 - Level 2.0 Throwing
 + Level 3.0 Dodging
 + Level 6.9 Stealth
 + Level 2.3 Spellcasting


You had 8 spell levels left.
You didn't know any spells.
Your spell library was empty.

Dungeon Overview and Level Annotations

Branches:
Dungeon (3/15)

Altars:
Cheibriados
Trog

Annotations:
D:3 3 runed translucent doors, benadryl's ghost, amateur TrAr


Innate Abilities, Weirdness & Mutations

You are very small and have problems with some larger weapons.
You are too small for most types of armour.
You have supernaturally acute eyesight. (SInv)
You cover ground extremely quickly. (Speed+++)


Message History

Your bat completely misses the goblin.
Your bat closely misses the hobgoblin.
The goblin barely misses you.
Your kobold hits the goblin but does no damage.
The hobgoblin splashes around in the water.
You hit the hobgoblin.
You kill the hobgoblin!
You hear a splash.
Your bat hits the goblin. The goblin completely misses you.
Your kobold hits the goblin with a +0 short sword.
Your unstable footing causes you to fumble your attack.
Your bat hits the gnoll but does no damage.
The goblin hits you but does no damage.
You barely miss the goblin.
The hobgoblin no longer looks unusually strong.
Your kobold hits the goblin but does no damage.
The goblin barely misses you. x2; Your bat misses the gnoll.
Your unstable footing causes you to fumble your attack.
The gnoll barely misses you. The goblin barely misses you.
Your kobold closely misses the goblin.
The goblin hits you with a +0 dagger.
* * * LOW HITPOINT WARNING * * *
The goblin misses you.
You hit the goblin.
The goblin is severely wounded.
The goblin no longer looks unusually strong. x2
Your bat hits the goblin. The gnoll hits you but does no damage.
The goblin barely misses you.
Your kobold closely misses the goblin.
The goblin closely misses you.
You hit the goblin.
You kill the goblin!
You hear a splash.
Your bat hits the goblin.
The gnoll splashes around in the water.
The goblin hits you but does no damage.
Your kobold barely misses the goblin.
You barely miss the goblin.
The goblin no longer looks unusually strong.
Your bat hits the goblin.
The goblin dies!
You hear a splash.
The goblin barely misses you.
The gnoll hits you from afar with a +0 spear.
You die...

........##+## ####
#<......' #####.†)
#####......######.....##
.............)..........
............?)..........
.~~~~~~b~....~~~~..~~~~~
~~~~~~g)gK...~~≈~≈~~~~~~
≈≈≈≈~≈≈gg.....≈≈≈≈≈≈≈≈≈≈
≈≈≈≈≈≈≈@g)...~~≈≈≈≈≈≈≈≈≈
##########''############
#....# #....# #....#
...... ....'


You could see a gnoll, a hobgoblin, 3 goblins, a friendly bat (summoned) and a
friendly kobold (summoned).

Vanquished Creatures
  Crazy Yiuf (D:2)
  Robin (D:3)
  5 adders
  A worm (D:3)
  A dart slug (D:2)
  6 bats
  2 endoplasms
  4 giant cockroaches
  16 goblins
  9 hobgoblins
  6 kobolds
  A ball python (D:2)
  A frilled lizard (D:2)
  14 rats
68 creatures vanquished.

Vanquished Creatures (collateral kills)
  A goblin (D:3)
1 creature vanquished.

Vanquished Creatures (others)
  7 fungi (D:3)
  7 plants (D:3)
14 creatures vanquished.

Grand Total: 83 creatures vanquished

Notes
Turn   | Place    | Note
-------+----------+-------------------------------------------
     0 | D:1      | koil the Spriggan Brigand began the quest for the Orb.
     0 | D:1      | Reached XP level 1. HP: 10/10 MP: 2/2
    72 | D:1      | Reached skill level 6 in Stealth
    83 | D:1      | Reached XP level 2. HP: 8/15 MP: 3/3
   238 | D:1      | Reached skill level 1 in Spellcasting
   736 | D:1      | Reached XP level 3. HP: 18/18 MP: 5/5
  1097 | D:2      | Reached XP level 4. HP: 22/23 MP: 7/7
  1112 | D:2      | Found a runed translucent door.
  1113 | D:2      | Noticed Crazy Yiuf
  1183 | D:2      | Killed Crazy Yiuf
  1597 | D:3      | Found a bloodstained altar of Trog.
  1632 | D:3      | Noticed Robin
  1816 | D:3      | Found a runed translucent gate.
  1816 | D:3      | Found a runed translucent gate.
  1816 | D:3      | Noticed a kobold brigand
  1817 | D:3      | Found a runed translucent gate.
  1817 | D:3      | Noticed benadryl's ghost (amateur TrAr)
  1851 | D:3      | Found a snail-covered altar of Cheibriados.
  2056 | D:3      | Reached XP level 5. HP: 8/27 MP: 9/9
  2057 | D:3      | HP: 1/27 [gnoll/+0 spear (7)]
  2251 | D:3      | Killed Robin
  2268 | D:3      | Slain by a gnoll

Illustrated notes

Levels and vault maps discovered:
D:1:      lightli_arrival_isolated_outpost, layout_loops_ring,
          minmay_crystal_room, hangedman_feature_mirror, grunt_decor_one_mirror,
          minmay_rat_gold_closets
D:2:      layout_basic, uniq_crazy_yiuf_cottage
D:3:      minmay_goblin_kobold_castle, layout_basic, trog_hazing_becter,
          cheibrodos_worm_habitat, dreamdust_ecumenical_altar_grove,
          gammafunk_ghost_nasty_kobolds, uniq_robin

Skill      XL: |  1  2  3  4 |
---------------+-------------+-----
Stealth        | 6 |  6.9
Spellcasting   | 1 2 |  2.3
Dodging        | 2 3 |  3.0
Fighting       | 2 |  2.3
Short Blades   | 3 |  3.3
Throwing       | |  2.0

Action                   |  1- 3 |  4- 6 || total
-------------------------+-------+-------++-------
Melee: Dagger            |   111 |   128 ||   239
Throw: Dart              |       |    16 ||    16
  Use: Scroll            |       |     1 ||     1
 Stab: Sleeping          |    15 |     3 ||    18
Armor: Robe              |    12 |    32 ||    44
Dodge: Dodged            |    58 |   153 ||   211

Table legend: (Time is in decaauts)
 A = Elapsed time spent in this place.
 B = Non-inter-level travel time spent in this place.
 C = Inter-level travel time spent in this place.
 D = Time resting spent in this place.
 E = Time spent auto-exploring this place.
 F = Levels seen in this place.
 G = Mean time per level.
                   A        B        C        D        E       F      G
               +--------+--------+--------+--------+--------+-----+--------+
         Total |   1597 |   1578 |     19 |     25 |   1036 |   3 |  532.3 |
       Dungeon |   1597 |   1578 |     19 |     25 |   1036 |   3 |  532.3 |
               +--------+--------+--------+--------+--------+-----+--------+

Top non-repeatable levels by time:
     D:2: 566 daAuts
     D:3: 518 daAuts
     D:1: 512 daAuts
